 Dungeon Crawl Stone Soup version 0.28.0-47-ge53b351184 (webtiles) character file.

Game seed: 685337152148255013

7 joe1234567 the Changer (level 1, -4/12 (15) HPs)
             Began as a Demonspawn Wanderer on May 7, 2022.
             Slain by a kobold
             ... wielding a +1 short sword of draining
              (6 damage)
             ... on level 1 of the Dungeon.
             The game lasted 00:01:10 (255 turns).

joe1234567 the Changer (Demonspawn Wanderer)         Turns: 255, Time: 00:01:11

HP:   -4/12 (15)    AC:  5    Str: 14    XL:     1   Next: 91%
MP:   2/2           EV: 10    Int: 13    God:
Gold: 4             SH:  0    Dex: 10    Spells: 1/2 levels left

rFire   . . .      SeeInvis .   a - +0 hand axe
rCold   . . .      Faith    .   (no shield)
rNeg    . . .      Spirit   .   b - +0 ring mail
rPois   .          Reflect  .   (no helmet)
rElec   .          Harm     .   (no cloak)
rCorr   .          Rampage  .   (no gloves)
Will    .....                   (no boots)
Stlth   ..........              (no amulet)
HPRegen 0.04/turn               (no ring)
MPRegen 0.08/turn               (no ring)

@: heavily drained
A: no striking features
a: no special abilities


You were on level 1 of the Dungeon.
You visited 1 branch of the dungeon, and saw 1 of its levels.

You collected 4 gold pieces.

Inventory:

Hand Weapons
 a - a +0 hand axe (weapon)
Armour
 b - a +0 ring mail (worn)
Scrolls
 c - a scroll of teleportation {unknown}


   Skills:
 + Level 1.2 Fighting
 + Level 1.0 Axes
 + Level 2.8 Armour
 + Level 0.3 Dodging
 + Level 1.0 Spellcasting
 + Level 2.9 Transmutations
 + Level 1.0 Evocations


You had one spell level left.
You knew the following spells:

 Your Spells              Type           Power      Damage    Failure   Level
a - Beastly Appendage     Tmut           16%        N/A       17%         1

Your spell library contained the following spells:

 Spells                   Type           Power      Damage    Failure   Level
 Ignite Poison            Fire/Tmut/Pois 3%         N/A       75%         3
 Ice Form                 Ice/Tmut       4%         N/A       97%         4


Dungeon Overview and Level Annotations

Branches:
Dungeon (1/15)

Altars:


Message History

The bat hits you but does no damage. The bat barely misses you.
You hit the bat but do no damage. The bat closely misses you.
The bat barely misses you. The bat closely misses you.
The bat hits you but does no damage. The bat hits you but does no damage.
The bat closely misses you. x2
The bat closely misses you. The bat barely misses you.
The bat closely misses you. The bat misses you.
The bat hits you but does no damage. The bat barely misses you.
The bat hits you but does no damage. The bat barely misses you.
The bat completely misses you.
You hit the bat.
You kill the bat!
You see here a bat corpse.
A rat comes into view.
The rat bites you but does no damage.
You slash the rat!
You kill the rat!
A kobold comes into view.
It is wielding a +1 short sword of draining.
The kobold hits you with a +1 short sword of draining.
You feel drained.
You barely miss the kobold. The kobold barely misses you.
You hit the kobold but do no damage. The kobold misses you.
You hit the kobold.
The kobold is heavily wounded.
The kobold hits you with a +1 short sword of draining.
* * * LOW HITPOINT WARNING * * *
You feel drained.
* * * LOW HITPOINT WARNING * * *
The kobold hits you but does no damage.
You feel drained.
You are too injured to fight recklessly!
You hit the kobold.
The kobold is severely wounded.
The kobold hits you with a +1 short sword of draining.
Ouch! That really hurt!
You die...

###.#.### ##.##.#.
#...#...# #....).
#.#####.#.#####.##
#...#.....# #.#
###.#.##### #.#
#...# #.# ##.##
#.## #.######.#
#... #...K@...#
#### ########## #
#


You could see a kobold.

Vanquished Creatures
  3 bats (D:1)
  A goblin (D:1)
  A hobgoblin (D:1)
  A kobold (D:1)
  A rat (D:1)
7 creatures vanquished.

Notes
Turn   | Place    | Note
-------+----------+-------------------------------------------
     0 | D:1      | joe1234567 the Demonspawn Wanderer began the quest for the
                  | Orb.
     0 | D:1      | joe1234567 set off with the following items: a +0 hand axe,
                  | a +0 ring mail; and the following spell memorised: Beastly
                  | Appendage; and the following spells available to memorise:
                  | Ignite Poison, Ice Form
     0 | D:1      | Reached XP level 1. HP: 15/15 MP: 2/2
   255 | D:1      | Slain by a kobold

Illustrated notes

Levels and vault maps discovered:
D:1:      dpeg_arrival_simpleton_b, layout_loops_corners,
          basic_ecumenical_altar, hangedman_decor_opposing,
          nicolae_figureground_sparkle

Action                   || total
-------------------------++-------
Melee: Hand axe          ||    23
       Kick              ||     1
       Headbutt          ||     1
 Cast: Beastly Appendage ||     1
Armor: Ring mail         ||    33
Dodge: Dodged            ||    39
